PA
GALESBURG GUZZLERS @ COLUMBIA RIVER RATS
08/16/2031
 
TOP OF THE 1ST
Galesburg Guzzlers batting - Pitching for Columbia River Rats : LHP Giel Overwater
Pitching: LHP Giel Overwater
Batting: RHB Mei Kim 0-0: Ground out 3-1 (Groundball, 34)
Batting: RHB Don Pokorski 0-0: Ball
1-0: Called Strike
1-1: Called Strike
1-2: Strikes out looking
Batting: RHB Manny Diéguez 0-0: Called Strike
0-1: Called Strike
0-2: Strikes out swinging
Top of the 1st over - 0 runs, 0 hits, 0 errors, 0 left on base; Galesburg 0 - Columbia 0
BOTTOM OF THE 1ST
Columbia River Rats batting - Pitching for Galesburg Guzzlers : LHP Marcos Tejedor
Pitching: LHP Marcos Tejedor
Batting: RHB Ximena Ortíz 0-0: Foul Ball, location: 2F
0-1: Ball
1-1: Ball
2-1: Called Strike
2-2: Ball
3-2: Strikes out looking
Batting: RHB José Palma 0-0: Ball
1-0: Ground out 4-3 (Groundball, 4S)
Batting: SHB Jeffery Simpson 0-0: Swinging Strike
0-1: Ball
1-1: Foul Ball, location: 2F
1-2: Foul Ball, location: 2F
1-2: Foul Ball, location: 2F
1-2: Fly out, F8 (Line Drive, 8LD)
Bottom of the 1st over - 0 runs, 0 hits, 0 errors, 0 left on base; Galesburg 0 - Columbia 0
TOP OF THE 2ND
Galesburg Guzzlers batting - Pitching for Columbia River Rats : LHP Giel Overwater
Batting: RHB Jeremy Migliorati 0-0: Ball
1-0: Foul Ball, location: 2F
1-1: SINGLE (Flyball, 7LS)
Batting: RHB Pacu Martic 0-0: Swinging Strike
0-1: Foul Ball, location: 2F
0-2: Ball
1-2: Strikes out looking
Batting: RHB Nestor Tantoco 0-0: Called Strike
0-1: Foul Ball, location: 2F
0-2: Ball
1-2: Ball
2-2: Foul Ball, location: 2F
2-2: Fly out, F6 (Line Drive, 6)
Batting: RHB Gerald Snow 0-0: Ball
1-0: Ball
2-0: Foul Ball, location: 2F
2-1: Called Strike
2-2: Ball
3-2: Base on Balls
Jeremy Migliorati to second
Batting: LHB Henk van Aardschot 0-0: Ball
1-0: Foul Ball, location: 2F
1-1: Ground out 4-3 (Groundball, 4)
Top of the 2nd over - 0 runs, 1 hit, 0 errors, 2 left on base; Galesburg 0 - Columbia 0
BOTTOM OF THE 2ND
Columbia River Rats batting - Pitching for Galesburg Guzzlers : LHP Marcos Tejedor
Batting: RHB Tae-gyoon Ch'oe 0-0: Fly out, F4 (Popup, 4MS)
Batting: RHB Marcos Martínez 0-0: Swinging Strike
0-1: Called Strike
0-2: Ball
1-2: Ball
2-2: Strikes out swinging
Batting: RHB Werner Bowman 0-0: Called Strike
0-1: Fly out, F9 (Flyball, 89D)
Bottom of the 2nd over - 0 runs, 0 hits, 0 errors, 0 left on base; Galesburg 0 - Columbia 0
TOP OF THE 3RD
Galesburg Guzzlers batting - Pitching for Columbia River Rats : LHP Giel Overwater
Batting: RHB Manny Valentín 0-0: Called Strike
0-1: Ball
1-1: Foul Ball, location: 2F
1-2: Ground out 6-3 (Groundball, 6)
Batting: RHB Mei Kim 0-0: Called Strike
0-1: Ball
1-1: Ball
2-1: Ground out 5-3 (Groundball, 56)
Batting: RHB Don Pokorski 0-0: Foul Ball, location: 2F
0-1: Ball
1-1: Swinging Strike
1-2: Ball
2-2: Strikes out swinging
Top of the 3rd over - 0 runs, 0 hits, 0 errors, 0 left on base; Galesburg 0 - Columbia 0
BOTTOM OF THE 3RD
Columbia River Rats batting - Pitching for Galesburg Guzzlers : LHP Marcos Tejedor
Batting: LHB Edgar Castaneda 0-0: Called Strike
0-1: Ball
1-1: Swinging Strike
1-2: Strikes out swinging
Batting: LHB DeMarvion Overshown 0-0: Foul Ball, location: 2F
0-1: Swinging Strike
0-2: Ball
1-2: Ball
2-2: Ball
3-2: Strikes out swinging
Batting: RHB Shane Seim 0-0: Ball
1-0: SINGLE (Groundball, 4D)
Batting: RHB Ximena Ortíz 0-0: Called Strike
0-1: Fly out, F5 (Line Drive, 5L)
Bottom of the 3rd over - 0 runs, 1 hit, 0 errors, 1 left on base; Galesburg 0 - Columbia 0
TOP OF THE 4TH
Galesburg Guzzlers batting - Pitching for Columbia River Rats : LHP Giel Overwater
Batting: RHB Manny Diéguez 0-0: Ball
1-0: Called Strike
1-1: Ground out 3-1 (Groundball, 34)
Batting: RHB Jeremy Migliorati 0-0: Foul Ball, location: 2F
0-1: Ball
1-1: Foul Ball, location: 2F
1-2: Ball
2-2: Ball
3-2: Foul Ball, location: 2F
3-2: Strikes out swinging
Batting: RHB Pacu Martic 0-0: Called Strike
0-1: Swinging Strike
0-2: Ground out 4-3 (Groundball, 4)
Top of the 4th over - 0 runs, 0 hits, 0 errors, 0 left on base; Galesburg 0 - Columbia 0
BOTTOM OF THE 4TH
Columbia River Rats batting - Pitching for Galesburg Guzzlers : LHP Marcos Tejedor
Batting: RHB José Palma 0-0: Ball
1-0: Ball
2-0: Ground out 4-3 (Groundball, 4)
Batting: SHB Jeffery Simpson 0-0: Called Strike
0-1: Ground out 6-3 (Groundball, 6)
Batting: RHB Tae-gyoon Ch'oe 0-0: Ball
1-0: Fly out, F8 (Flyball, 8RM)
Bottom of the 4th over - 0 runs, 0 hits, 0 errors, 0 left on base; Galesburg 0 - Columbia 0
TOP OF THE 5TH
Galesburg Guzzlers batting - Pitching for Columbia River Rats : LHP Giel Overwater
Batting: RHB Nestor Tantoco 0-0: Called Strike
0-1: Ball
1-1: Fly out, F9 (Flyball, 89S)
Batting: RHB Gerald Snow 0-0: Foul Ball, location: 2F
0-1: Ball
1-1: Called Strike
1-2: Ball
2-2: Strikes out swinging
Batting: LHB Henk van Aardschot 0-0: Swinging Strike
0-1: Foul Ball, location: 2F
0-2: Ball
1-2: Strikes out swinging
Top of the 5th over - 0 runs, 0 hits, 0 errors, 0 left on base; Galesburg 0 - Columbia 0
BOTTOM OF THE 5TH
Columbia River Rats batting - Pitching for Galesburg Guzzlers : LHP Marcos Tejedor
Batting: RHB Marcos Martínez 0-0: Ball
1-0: Ball
2-0: SINGLE (Groundball, 6MD)
Batting: RHB Werner Bowman 0-0: Called Strike
0-1: Ball
1-1: Ball
2-1: Foul Ball, location: 2F
2-2: Grounds into double play, 6-4-3 (Groundball, 6)
Batting: LHB Edgar Castaneda 0-0: Called Strike
0-1: Swinging Strike
0-2: Ball
1-2: Ball
2-2: Ball
3-2: Foul Ball, location: 2F
3-2: Base on Balls
Batting: LHB DeMarvion Overshown 0-0: Ball
1-0: Fly out, F8 (Line Drive, 8RD)
Bottom of the 5th over - 0 runs, 1 hit, 0 errors, 1 left on base; Galesburg 0 - Columbia 0
TOP OF THE 6TH
Galesburg Guzzlers batting - Pitching for Columbia River Rats : LHP Giel Overwater
Batting: RHB Manny Valentín 0-0: Called Strike
0-1: Ball
1-1: Foul Ball, location: 2F
1-2: Strikes out swinging
Batting: RHB Mei Kim 0-0: Ball
1-0: Foul Ball, location: 2F
1-1: Swinging Strike
1-2: Foul Ball, location: 2F
1-2: Ball
2-2: Fly out, F3 (Popup, 3SF)
Batting: RHB Don Pokorski 0-0: Called Strike
0-1: Swinging Strike
0-2: Foul Ball, location: 2F
0-2: Ball
1-2: Ball
2-2: Ball
3-2: Strikes out swinging
Top of the 6th over - 0 runs, 0 hits, 0 errors, 0 left on base; Galesburg 0 - Columbia 0
BOTTOM OF THE 6TH
Columbia River Rats batting - Pitching for Galesburg Guzzlers : LHP Marcos Tejedor
Batting: RHB Shane Seim 0-0: Ball
1-0: Foul Ball, location: 2F
1-1: Ball
2-1: Foul Ball, location: 2F
2-2: Foul Ball, location: 2F
2-2: Foul Ball, location: 2F
2-2: Hit by Pitch
Batting: RHB Ximena Ortíz 0-0: Fly out, F8 (Flyball, 8LS)
Batting: RHB José Palma 0-0: Called Strike
Shane Seim is caught stealing 2nd base
0-1: Fly out, F4 (Line Drive, 4)
Bottom of the 6th over - 0 runs, 0 hits, 0 errors, 0 left on base; Galesburg 0 - Columbia 0
TOP OF THE 7TH
Galesburg Guzzlers batting - Pitching for Columbia River Rats : LHP Giel Overwater
Pinch Hitting: RHB Karl Wade 0-0: Called Strike
0-1: Swinging Strike
0-2: Foul Ball, location: 2F
0-2: Ball
1-2: Ball
2-2: Ball
3-2: DOUBLE (Line Drive, 9D)
Batting: RHB Jeremy Migliorati 0-0: Ball
1-0: Called Strike
1-1: Foul Ball, location: 2F
1-2: Foul Ball, location: 2F
1-2: Ball
2-2: Ball
3-2: Base on Balls
Batting: RHB Pacu Martic 0-0: Foul Ball, location: 2F
0-1: Ball
1-1: Ball
2-1: Ball
3-1: Foul Ball, location: 2F
3-2: Strikes out swinging
Pitching: RHP Wayne Quint
Batting: RHB Nestor Tantoco 0-0: Ball
1-0: Ball
2-0: Called Strike
2-1: SINGLE (Line Drive, 89S)
Karl Wade to third
Jeremy Migliorati to second
Runner from 3rd tries for Home, SAFE, no throw
Batting: RHB Gerald Snow 0-0: Called Strike
0-1: Ball
1-1: Foul Ball, location: 2F
1-2: Ball
2-2: Foul Ball, location: 2F
2-2: Strikes out swinging
Batting: LHB Henk van Aardschot 0-0: Ball
1-0: Called Strike
1-1: Ball
2-1: Foul Ball, location: 2F
2-2: Strikes out swinging
Top of the 7th over - 1 run, 2 hits, 0 errors, 2 left on base; Galesburg 1 - Columbia 0
BOTTOM OF THE 7TH
Columbia River Rats batting - Pitching for Galesburg Guzzlers : LHP Marcos Tejedor
Now at 3B: Fook Zhŕo
Batting: SHB Jeffery Simpson 0-0: SINGLE (Line Drive, 34D)
Batting: RHB Tae-gyoon Ch'oe 0-0: Ball
1-0: Ball
2-0: Swinging Strike
2-1: Foul Ball, location: 2F
2-2: Ball
3-2: Ground out 5-3 (Groundball, 25)
Jeffery Simpson to second
Batting: RHB Marcos Martínez 0-0: Called Strike
0-1: Foul Ball, location: 2F
0-2: Ball
1-2: Ball
2-2: Ball
3-2: Fly out, F8 (Flyball, 8RM)
Batting: RHB Werner Bowman 0-0: Ball
1-0: Ball
2-0: Ball
3-0: Called Strike
3-1: Called Strike
3-2: Foul Ball, location: 2F
3-2: Foul Ball, location: 2F
3-2: Base on Balls
Pitching: LHP Pedro Merced
Pinch Runner at 2nd Luis Romero:
Pinch Hitting: RHB David Austin 0-0: Ball
1-0: Called Strike
1-1: Foul Ball, location: 2F
1-2: Foul Ball, location: 2F
1-2: Strikes out swinging
Bottom of the 7th over - 0 runs, 1 hit, 0 errors, 2 left on base; Galesburg 1 - Columbia 0
TOP OF THE 8TH
Galesburg Guzzlers batting - Pitching for Columbia River Rats : RHP Wayne Quint
Now at SS: David Austin
Batting: RHB Manny Valentín 0-0: Called Strike
0-1: Called Strike
0-2: Ball
1-2: Ground out 5-3 (Groundball, 25)
Batting: RHB Mei Kim 0-0: Fly out, F9 (Flyball, 9)
Batting: RHB Don Pokorski 0-0: Ball
1-0: Foul Ball, location: 2F
1-1: Ground out 5-3 (Groundball, 56S)
Top of the 8th over - 0 runs, 0 hits, 0 errors, 0 left on base; Galesburg 1 - Columbia 0
BOTTOM OF THE 8TH
Columbia River Rats batting - Pitching for Galesburg Guzzlers : LHP Pedro Merced
Now in RF: Evan Meertens
Batting: LHB DeMarvion Overshown 0-0: Swinging Strike
0-1: Ball
1-1: Ground out 5-3 (Groundball, 56)
Batting: RHB Shane Seim 0-0: Fly out, F7 (Flyball, 7)
Batting: RHB Ximena Ortíz 0-0: Ball
1-0: Fly out, F8 (Flyball, 8LM)
Bottom of the 8th over - 0 runs, 0 hits, 0 errors, 0 left on base; Galesburg 1 - Columbia 0
TOP OF THE 9TH
Galesburg Guzzlers batting - Pitching for Columbia River Rats : RHP Wayne Quint
Batting: RHB Fook Zhŕo 0-0: SINGLE (Line Drive, 89S)
Batting: RHB Jeremy Migliorati 0-0: Fly out, F8 (Flyball, 8LXD)
Pinch Hitting: LHB Abiram Wahine 0-0: Ball
1-0: Ball
2-0: Ball
3-0: Base on Balls
Fook Zhŕo to second
Batting: RHB Nestor Tantoco 0-0: Ball
1-0: Called Strike
1-1: Swinging Strike
1-2: Strikes out swinging
Batting: RHB Gerald Snow 0-0: Ball
1-0: Called Strike
1-1: Called Strike
1-2: Ball
2-2: Strikes out swinging
Top of the 9th over - 0 runs, 1 hit, 0 errors, 2 left on base; Galesburg 1 - Columbia 0
BOTTOM OF THE 9TH
Columbia River Rats batting - Pitching for Galesburg Guzzlers : LHP Pedro Merced
Pitching: RHP Cristián Moreno
Now at 1B: Ben Bowers
Pinch Hitting: LHB Seika Hagiwara 0-0: Ball
1-0: Called Strike
1-1: Ball
2-1: Fly out, F7 (Flyball, 78M)
Batting: RHB Luis Romero 0-0: Ground out 4-3 (Groundball, 4)
Batting: RHB Tae-gyoon Ch'oe 0-0: Called Strike
0-1: SINGLE (Line Drive, 56)
Pinch Runner at 1st Javier Cordero:
Batting: RHB Marcos Martínez 0-0: Called Strike
0-1: Swinging Strike
0-2: Ball
1-2: Strikes out swinging
Bottom of the 9th over - 0 runs, 1 hit, 0 errors, 1 left on base; Galesburg 1 - Columbia 0
Tuesday, June 12th, 2018 - OOTP Baseball 18.8 Build 76